 Dungeon Crawl Stone Soup version 0.17-a0-1078-g243345b (webtiles) character file.

16496 DNA the Brawler (level 12, 0/97 HPs)
             Began as a Troll Wizard on May 18, 2015.
             Was a Follower of Ashenzari.
             Shot with a poisoned arrow by Nessos (16 damage)
             ... on level 12 of the Dungeon.
             The game lasted 00:50:53 (12115 turns).

DNA the Brawler (Troll Wizard)                     Turns: 12115, Time: 00:50:54

Health: 0/97       AC: 16    Str: 18    XL:     12   Next: 10%
Magic:  0/14       EV:  9    Int: 24    God:    Ashenzari [*.....]
Gold:   664        SH: 12    Dex:  8    Spells: 6 memorised, 2 levels left

rFire  + . .     SeeInvis .       - Unarmed
rCold  + . .     Clarity  .     p - +5 steam dragon armour of Hysteria {rF+} (curse)
rNeg   . . .     SustAb   .     e - +2 shield (curse)
rPois  .         Gourm    +     I - +1 hat {Spirit} (curse)
rElec  .         Spirit   +     Y - +1 cloak (curse)
rCorr  .         Warding  .     (gloves unavailable)
rMut   +         Stasis   .     (boots unavailable)
MR     .....                    g - amulet of resist mutation
Stlth  +.........               o - ring of protection from cold
                                v - +6 ring of intelligence (curse)

@: not resistant to hostile enchantments, very unstealthy
A: unfitting armour, claws 3, fast metabolism 3, gourmand, regeneration 2,
shaggy fur 1, tough skin 2
a: Renounce Religion


You were on level 12 of the Dungeon.
You worshipped Ashenzari.
Ashenzari was aware of your devotion.
You were very full.

You visited 2 branches of the dungeon, and saw 13 of its levels.

You collected 664 gold pieces.

Inventory:

Hand weapons
 A - a +0 blowgun
Missiles
 y - 37 poisoned needles
Armour
 b - a +2 hat
 e - a cursed +2 shield (worn)
 p - the cursed +5 steam dragon armour of Hysteria (worn) {rF+}
   (You acquired it on level 7 of the Dungeon)

   It protects you from fire.
   It has a curse placed upon it.
 I - a cursed +1 hat of spirit shield (worn)
 Y - a cursed +1 cloak (worn)
Magical staves
 U - an uncursed staff of cold
Jewellery
 f - the amulet "Fepnubed" {Inacc Stlth+}
   (You found it on level 8 of the Dungeon)

   [amulet of inaccuracy]

   It reduces the accuracy of all your attacks.
   It makes you more stealthy.
 g - an amulet of resist mutation (around neck)
 l - a +3 ring of dexterity
 o - a ring of protection from cold (right claw)
 r - an uncursed ring of positive energy
 v - a cursed +6 ring of intelligence (left claw)
 K - an uncursed ring of fire
 M - the amulet of the Invisible Hand {Stasis Str+4}
   (You found it on level 8 of the Dungeon)

   [amulet of stasis]

   It prevents you from being teleported, slowed, hasted or paralysed.
   It affects your strength (+4).
Magical devices
 h - a wand of frost (24)
 j - a wand of lightning (0)
 x - a wand of slowing (25)
 B - a wand of flame (14)
 F - a wand of lightning (3)
Scrolls
 a - a scroll of curse armour
 k - a scroll of noise
 m - 5 scrolls of immolation
 t - 2 scrolls of teleportation
 D - a scroll of curse weapon
 G - a scroll of enchant weapon
 H - 2 scrolls of fog
 S - a scroll of identify
 V - a scroll of amnesia
Potions
 q - 2 potions of brilliance
 s - 2 potions of cancellation
 z - 2 potions of berserk rage {unknown}
 E - 2 potions of flight {unknown}
 N - 3 potions of curing
 Q - a potion of cure mutation {unknown}
Books
 c - a book of Minor Magic

   Spells                             Type                      Level
   a - Magic Dart                     Conjuration                  1
   b - Blink                          Translocation                2
   c - Call Imp                       Summoning                    2
   d - Repel Missiles                 Charms/Air                   2
   e - Slow                           Hexes                        2
   f - Conjure Flame                  Conjuration/Fire             3
   g - Mephitic Cloud                 Conjuration/Poison/Air       3
 u - a book of Changes

   Spells                             Type                      Level
   a - Beastly Appendage              Transmutation                1
   b - Sticks to Snakes               Transmutation                2
   c - Spider Form                    Transmutation/Poison         3
   d - Ice Form                       Ice/Transmutation            4
   e - Blade Hands                    Transmutation                5
 P - a book of Burglary

   Spells                             Type                      Level
   a - Swiftness                      Charms/Air                   2
   b - Passwall                       Transmutation/Earth          3
   c - Passage of Golubria            Translocation                4
   d - Lee's Rapid Deconstruction     Earth                        5
   e - Invisibility                   Hexes                        6
   f - Darkness                       Hexes                        7
Comestibles
 d - 13 bread rations
 i - 5 meat rations
 n - 7 fruits
 C - a beef jerky
 R - a slice of pizza


   Skills:
 + Level 0.4 Fighting
 + Level 0.7 Armour
 - Level 1.5 Dodging
 - Level 1.1 Stealth
 - Level 9.8 Shields
 * Level 15.2 Unarmed Combat
 - Level 2.0 Spellcasting
 + Level 1.0 Conjurations
   Level 0.6 Summonings
 - Level 0.6 Translocations


You had 2 spell levels left.
You knew the following spells:

 Your Spells              Type           Power        Failure   Level  Hunger
a - Magic Dart            Conj           #...         10%         1    #......
b - Blink                 Tloc           N/A          14%         2    ##.....
c - Repel Missiles        Chrm/Air       #.....       17%         2    ##.....
d - Mephitic Cloud        Conj/Pois/Air  #.......     34%         3    ###....
e - Conjure Flame         Conj/Fire      #.......     30%         3    ###....
f - Swiftness             Chrm/Air       #.......     17%         2    ##.....


Dungeon Overview and Level Annotations

Branches:
Dungeon (12/15)            Temple (1/1) D:6            Lair (0/8) D:9
    Orc (0/4) D:12

Altars:
Ashenzari
Cheibriados
Dithmenos
Elyvilon
Fedhas
Gozag
Kikubaaqudgha
Makhleb
Nemelex Xobeh
Okawaru
Qazlal
Ru
Sif Muna
Trog
Vehumet
Xom
Yredelemnul
Zin
The Shining One

Shops:
D:4 }   D:5 *   D:10 *!(:(

Annotations:
D:3 Grinder
D:5 WhatIsLove's ghost, experienced KoBe
D:10 Fannar
D:12 Nessos


Innate Abilities, Weirdness & Mutations

You are too large for most types of armour.
You have claws for hands.
Your metabolism is lightning-fast.
You like to eat raw meat.
You heal very quickly.
You are covered in fur (AC +1).
You have very tough skin (AC +2).


Message History

The poisoned arrow hits you!
* * * LOW HITPOINT WARNING * * *
The poisoned arrow burns you.
* * * LOW HITPOINT WARNING * * *
You are poisoned.
Nessos shoots a poisoned arrow.
The poisoned arrow closely misses you.
Unknown command.
Drink which item? (? for menu, Esc to quit)
You feel much better.
You feel sick.
Nessos shoots a poisoned arrow.
The poisoned arrow hits you! The poisoned arrow burns you.
You are more poisoned.
Nessos shoots a poisoned arrow.
The poisoned arrow hits you!!
* * * LOW HITPOINT WARNING * * *
The poisoned arrow burns you.
* * * LOW HITPOINT WARNING * * *
Read which item? (? for menu, Esc to quit)
Okay, then.
Drink which item? (? for menu, Esc to quit)
You feel better.
Nessos shoots a poisoned arrow.
The poisoned arrow hits you!!
You die...

##.<(## #.....#
#..((.# #.....#
#...(.####
#.....(..#
#....c##.#
#..((##.#
##@#>...#######
#####........#
#.c#####..# #.##
#... . #.####.....
. ##.#....# #
###....##########
...................
.######[.....).....


You could see Nessos (bleeding).

Vanquished Creatures
  Gastronok (D:7)
  A hydra (D:10)
  Erica (D:7)
  The ghost of Ontamu the Basher, a powerful GrFi of Okawaru (D:11)
  The ghost of Blants the Arsonist, an experienced DEFE of Vehumet (D:10)
  A hill giant (D:11)
  An unseen horror (D:11)
  A cyclops (D:12)
  The ghost of WhatIsLove the Thaumaturge, an experienced HEAE of Ashenzari (D:7)
  2 spiny frogs (D:9)
  A troll (D:11)
  A two-headed ogre (D:8)
  A blink frog (D:9)
  2 slime creatures (D:12)
  A spriggan (D:7)
  A trapdoor spider (D:10)
  A shadow (D:12)
  2 steam dragons (D:10)
  3 hippogriffs
  A hungry ghost (D:12)
  12 yaks
  2 vampire mosquitoes
  The ghost of Viceroy the Magician, an average DsWz (D:4)
  4 ice beasts
  A water moccasin (D:10)
  2 black bears
  A wasp (D:9)
  3 phantoms
  2 orc warriors
  3 sky beasts
  8 ogres
  4 centaurs
  7 giant frogs
  2 scorpions
  A vampire bat (D:7)
  9 killer bees
  26 wights
  An electric eel (D:7)
  A giant frog zombie (D:5)
  2 crimson imps
  4 jellies
  A gnoll shaman (D:8)
  3 orc priests
  7 hounds
  2 quasits
  2 giant frog skeletons
  2 iguanas
  2 hell rats (D:9)
  5 orc wizards
  7 worker ants
  2 hound zombies
  A hound skeleton (D:9)
  A worker ant zombie (D:5)
  4 gnolls (D:8)
  14 adders
  A river rat (D:9)
  A shadow imp (D:8)
  3 worms
  An adder skeleton (D:8)
  5 giant geckos
  30 orcs
  2 ball pythons
  2 bat skeletons
  6 giant cockroaches
  10 goblins
  17 hobgoblins
  9 jackals
  7 quokkas
  18 bats
  A giant gecko skeleton (D:5)
  8 giant newts
  A jackal zombie (D:8)
  15 kobolds
  A quokka skeleton (D:5)
  18 rats
330 creatures vanquished.

Vanquished Creatures (collateral kills)
  A killer bee (D:7)
1 creature vanquished.

Vanquished Creatures (others)
  A killer bee (D:8)
  A hobgoblin (D:7)
  2 butterflies (D:5)
4 creatures vanquished.

Grand Total: 335 creatures vanquished

Notes
Turn   | Place    | Note
--------------------------------------------------------------
     0 | D:1      | DNA the Troll Wizard began the quest for the Orb.
     0 | D:1      | Reached XP level 1. HP: 16/16 MP: 2/2
   101 | D:1      | Reached skill level 1 in Unarmed Combat
   260 | D:1      | Reached XP level 2. HP: 24/24 MP: 4/4
   265 | D:1      | Learned a level 2 spell: Blink
   268 | D:1      | Learned a level 2 spell: Repel Missiles
   884 | D:2      | Reached XP level 3. HP: 31/31 MP: 5/5
  1055 | D:2      | Reached skill level 3 in Unarmed Combat
  1223 | D:2      | You fall through a shaft!
  1340 | D:3      | Noticed Grinder
  1600 | D:3      | Paralysed by Grinder for 4 turns
  1664 | D:4      | Noticed a scorpion
  2004 | D:3      | Reached XP level 4. HP: 35/39 MP: 6/6
  2356 | D:4      | Reached skill level 1 in Shields
  2356 | D:4      | Reached skill level 4 in Unarmed Combat
  2413 | D:4      | Noticed an ogre
  2420 | D:4      | Killed an ogre
  2420 | D:4      | Reached XP level 5. HP: 45/45 MP: 7/7
  2834 | D:4      | Found a shadowy altar of Dithmenos.
  2939 | D:4      | Found Naxivodwial's Gadget Shop.
  3001 | D:4      | Noticed Viceroy's ghost (average DsWz)
  3115 | D:4      | Killed Viceroy's ghost
  3115 | D:4      | Reached skill level 5 in Unarmed Combat
  3115 | D:4      | Reached XP level 6. HP: 42/53 MP: 8/8
  3369 | D:5      | Entered Level 5 of the Dungeon
  3546 | D:5      | Found Kyceorrefil's General Store.
  3668 | D:5      | Noticed WhatIsLove's ghost (experienced KoBe)
  3775 | D:5      | Reached skill level 6 in Unarmed Combat
  4223 | D:5      | Found a deep blue altar of Sif Muna.
  4223 | D:5      | Found an ancient bone altar of Kikubaaqudgha.
  4223 | D:5      | Found a glowing silver altar of Zin.
  4223 | D:5      | Found a basalt altar of Yredelemnul.
  4230 | D:5      | Found a sacrificial altar of Ru.
  4230 | D:5      | Found a shadowy altar of Dithmenos.
  4282 | D:5      | Reached XP level 7. HP: 59/59 MP: 9/9
  4943 | D:6      | Found a staircase to the Ecumenical Temple.
  4991 | D:6      | Reached skill level 7 in Unarmed Combat
  5410 | Temple   | Entered the Ecumenical Temple
  5454 | Temple   | Became a worshipper of Ashenzari the Shackled
  5786 | D:6      | Reached XP level 8. HP: 43/67 MP: 10/10
  5936 | D:6      | Reached skill level 8 in Unarmed Combat
  6112 | D:7      | Identified a scroll of acquirement
  6113 | D:7      | Got the cursed steam dragon armour of Hysteria {rF+}
  6124 | D:7      | Identified the cursed +5 steam dragon armour of Hysteria {rF+} (You acquired it on level 7 of the Dungeon)
  6160 | D:7      | Reached skill level 9 in Unarmed Combat
  6186 | D:8      | Identified the amulet "Fepnubed" {Inacc Stlth+}
  6311 | D:7      | Learned a level 3 spell: Mephitic Cloud
  6315 | D:7      | Learned a level 3 spell: Conjure Flame
  6563 | D:7      | Noticed WhatIsLove's ghost (experienced HEAE)
  6721 | D:7      | Noticed a hill giant
  6748 | D:7      | Reached skill level 10 in Unarmed Combat
  6748 | D:7      | Reached XP level 9. HP: 51/74 MP: 3/11
  7208 | D:7      | Reached skill level 5 in Shields
  7257 | D:7      | Killed WhatIsLove's ghost
  7446 | D:8      | Noticed a two-headed ogre
  7465 | D:8      | Killed a two-headed ogre
  7729 | D:8      | Reached XP level 10. HP: 79/81 MP: 12/12
  7735 | D:8      | Noticed Gastronok
  7837 | D:7      | Killed Gastronok
  7916 | D:8      | Noticed Erica
  7946 | D:8      | Identified the amulet of the Invisible Hand {Stasis Str+4}
  7959 | D:8      | Found a burning altar of Makhleb.
  8257 | D:7      | Killed Erica
  8257 | D:7      | Reached skill level 11 in Unarmed Combat
  8691 | D:9      | Found a staircase to the Lair.
  8732 | D:9      | Reached skill level 12 in Unarmed Combat
  8949 | D:9      | Reached XP level 11. HP: 78/88 MP: 10/13
  9574 | D:10     | Entered Level 10 of the Dungeon
  9664 | D:10     | Found Rupsapse's Antique Weapon Shop.
  9816 | D:10     | Found Zuteuh's Serpentskin Sales.
  9926 | D:10     | Noticed Blants's ghost (experienced DEFE)
  9948 | D:10     | Killed Blants's ghost
  9951 | D:10     | Reached skill level 13 in Unarmed Combat
 10004 | D:10     | Found Voraasi's Distillery.
 10038 | D:10     | Learned a level 2 spell: Swiftness
 10044 | D:10     | Noticed Fannar
 10130 | D:10     | Found Rist's Book Shop.
 10130 | D:10     | Found Cireh's Antique Weapon Emporium.
 10511 | D:11     | Noticed Ontamu's ghost (powerful GrFi)
 10539 | D:11     | Killed Ontamu's ghost
 10663 | D:11     | Reached skill level 14 in Unarmed Combat
 10913 | D:11     | Noticed a hill giant
 10924 | D:11     | Killed a hill giant
 11348 | D:11     | Killed an unseen horror
 11808 | D:10     | Noticed a five-headed hydra
 11820 | D:10     | Killed a five-headed hydra
 11820 | D:10     | Reached skill level 15 in Unarmed Combat
 11820 | D:10     | Reached XP level 12. HP: 50/96 MP: 5/14
 12077 | D:12     | Found a staircase to the Orcish Mines.
 12088 | D:12     | Reached skill level 1 in Conjurations
 12089 | D:12     | Noticed Nessos
 12115 | D:12     | Shot with a poisoned arrow by Nessos

Vault maps used:
D:1:      eino_arrival_cavern_e, serial_corexii_hall, corexii_hall_statues_i,
          corexii_hall_statues_i
D:2:      first_bread, st_stairs_1
D:3:      uniq_grinder
D:4:      serial_shops, kennysheep_mini, serial_bayou_pond_e,
          nicolae_dithmenos_through_a_glass_darkly
D:5:      minmay_overflow_temple_hex, serial_shops, shop
D:6:      temple_pool_a
D:7:      the_bakery, minivault_14, roderic_batcave, st_stairs_12
D:8:      makhleb_heckhound_becter, uniq_gastronok, uniq_erica
D:9:      dpeg_lair_monsters
D:10:     kennysheep_steamy, serial_shops, nicolae_shop_overgrown_old_shop,
          nicolae_shop_statue_plus, nicolae_shop_stone, nicolae_shop_waterfront,
          guppyfry_shop_venom, uniq_fannar
D:11:     solitary_fountain
D:12:     orc_0_dummy, minmay_variable_closet, uniq_nessos
Temple:   triangle_lava_temple_12

Action                   |  1- 3 |  4- 6 |  7- 9 | 10-12 || total
-------------------------+-------+-------+-------+-------++-------
Melee: Unarmed           |   160 |   221 |   519 |   602 ||  1502
Throw: Javelin           |       |     6 |     5 |    17 ||    28
       Large rock        |       |       |       |     4 ||     4
       Tomahawk          |       |       |       |     3 ||     3
 Cast: Repel Missiles    |       |     1 |     2 |     4 ||     7
       Mephitic Cloud    |       |       |     4 |     2 ||     6
Evoke: Wand              |       |       |       |     6 ||     6
  Use: Scroll            |     6 |     4 |    13 |     7 ||    30
       Potion            |       |     1 |     6 |     4 ||    11
 Stab: Confused          |       |       |     1 |       ||     1
       Sleeping          |       |       |       |     2 ||     2
  Eat: Chunk             |    14 |    16 |    35 |    42 ||   107
       Pizza             |     1 |       |       |       ||     1
       Fruit             |       |     5 |     1 |       ||     6
       Meat ration       |       |       |     1 |       ||     1
